 Dungeon Crawl Stone Soup version 0.32-a0-929-g5c35ed9 (webtiles) character file.

Game seed: 14413703319262596991

219724 EngineV8 the Eclecticist (level 18, -3/149 HPs)
             Began as a Mummy Necromancer on Apr 9, 2024.
             Was the Champion of Kikubaaqudgha.
             Slain by a +2 lajatang of flaming (31 damage)
             ... on level 2 of the Elven Halls on Apr 12, 2024.
             The game lasted 02:52:28 (37438 turns).

EngineV8 the Eclecticist (Mummy Necromancer)       Turns: 37438, Time: 02:52:28

Health: -3/149     AC: 13    Str: 12    XL:     18   Next: 45%
Magic:  3/49       EV: 10    Int: 27    God:    Kikubaaqudgha [******]
Gold:   1149       SH:  4    Dex: 13    Spells: 3/53 levels left

rFire   . . .        a - +7 spear of Duty {heavy, Int+6}
rCold   + . .        h - +0 buckler
rNeg    + + +        z - +3 leather armour {rF+}
rPois   ∞            J - +2 helmet {SInv}
rElec   .            H - +1 cloak of Gicuh {rN+ Regen+ rCorr Stlth+}
rCorr   +            K - +0 pair of gloves
SInv    +            o - +0 pair of boots
Will    +++..        E - amulet of the acrobat
Stlth   ++++         c - ring of willpower
HPRegen 1.24/turn    n - ring of magical power
MPRegen 0.31/turn

%: acrobat, faith
@: about to teleport
A: cold resistance 1, negative energy resistance 3, torment resistance 2, heat
vulnerability 1, in touch with death 2, no potions, faith
}: 1/15 runes: barnacled
a: Renounce Religion, Unearth Wretches, Torment


You were on level 2 of the Elven Halls.
You worshipped Kikubaaqudgha.
Kikubaaqudgha was exalted by your worship.
You visited 6 branches of the dungeon, and saw 29 of its levels.
You also visited: Bailey and Ice Cave.

You collected 3648 gold pieces.
You spent 2499 gold pieces at shops.

Inventory:

Hand Weapons
 a - the +7 spear of Duty (weapon) {heavy, Int+6}
   (You found it on level 7 of the Dungeon)

   Int+6:     It affects your intelligence (+6).
 b - the +11 sling "Bixyr" {drain, Int+4}
   (You found it on level 13 of the Dungeon)

   Int+4:     It affects your intelligence (+4).
Missiles
 l - 8 atropa-tipped darts
 m - 8 curare-tipped darts {!f}
 p - 40 poisoned darts
 Q - 4 throwing nets (quivered) {!f}
Armour
 h - a +0 buckler (worn)
 o - a +0 pair of boots (worn)
 z - a +3 leather armour of fire resistance (worn)
 H - the +1 cloak of Gicuh (worn) {rN+ Regen+ rCorr Stlth+}
   (You bought it in a shop on level 9 of the Dungeon)

   rN+:       It protects you from negative energy.
   Regen+:    It increases your rate of health regeneration.
   rCorr:     It protects you from acid and corrosion.
   Stlth+:    It makes you more stealthy.
 I - a scarf of invisibility
 J - a +2 helmet of see invisible (worn)
 K - a +0 pair of gloves (worn)
Jewellery
 c - a ring of willpower (left hand)
 e - a +6 ring of intelligence
 k - a ring of protection from cold
 n - a ring of magical power (right hand)
 A - a ring of resist corrosion
 E - an amulet of the acrobat (around neck)
 L - a ring of fire
Wands
 q - a wand of charming (36)
 t - a wand of iceblast (14)
 v - a wand of acid (7)
 B - a wand of mindburst (15)
 D - a wand of flame (87)
 G - a wand of polymorph (12)
 P - a wand of digging (9)
Scrolls
 d - 15 scrolls of teleportation
 f - 6 scrolls of immolation
 g - 4 scrolls of poison
 i - 4 scrolls of blinking
 j - a scroll of amnesia
 r - 2 scrolls of fog
 s - 2 scrolls of fear
 u - 8 scrolls of revelation {!r}
 w - 6 scrolls of enchant weapon
 x - 7 scrolls of enchant armour
 y - 6 scrolls of butterflies
 C - 6 scrolls of vulnerability
 F - 5 scrolls of torment
 N - 3 scrolls of silence {!r}


   Skills:
 - Level 15.0 Fighting
 - Level 12.0 Polearms
 - Level 1.5 Dodging
 - Level 6.0 Stealth
 - Level 4.0 Shields
 + Level 18.1 Spellcasting
 - Level 5.0 Conjurations
 - Level 5.0 Hexes
 + Level 17.8 Necromancy
 - Level 5.0 Translocations
 * Level 2.3 Fire Magic
 - Level 5.0 Earth Magic
 * Level 2.3 Alchemy
 - Level 5.0 Evocations


You had 3 spell levels left.
You knew the following spells:

 Your Spells              Type           Power      Damage    Failure   Level
a - Necrotise             Necr           100%       1d9       0%          1
b - Vampiric Draining     Necr           100%       2d13      0%          3
c - Ignite Poison         Fire/Alch      37%        N/A       13%         4
e - Borgnjor's Vile Clut  Necr/Erth      57%        N/A       1%          5
f - Death Channel         Necr           67%        N/A       1%          6
g - Anguish               Hex/Necr       57%        N/A       1%          4
r - Irradiate             Conj/Alch      22%        3d19      21%         5
v - Blink                 Tloc           100%       N/A       1%          2
w - Stone Arrow           Conj/Erth      100%       3d13      1%          3
A - Apportation           Tloc           100%       N/A       1%          1
Q - Infestation           Necr           67%        N/A       14%         8
X - Passwall              Erth           51%        N/A       1%          3
Y - Yara's Violent Unrav  Hex/Alch       22%        3d10      21%         5

Your spell library contained the following spells:

 Spells                   Type           Power      Damage    Failure   Level
 Kiss of Death            Conj/Necr      100%       2d13      1%          1
 Sandblast                Erth           100%       2d20      1%          1
 Shock                    Conj/Air       100%       1d9       1%          1
 Sting                    Conj/Alch      100%       1d9       1%          1
 Cigotuvi's Dreadful Rot  Necr/Alch/Air  100%       N/A       1%          2
 Ensorcelled Hibernation  Hex/Ice        74%        N/A       1%          2
 Lesser Beckoning         Tloc           100%       N/A       1%          2
 Momentum Strike          Conj/Tloc      100%       3d10      1%          2
 Sigil of Binding         Hex            51%        N/A       1%          3
 Tukima's Dance           Hex            51%        N/A       1%          3
 Inner Flame              Hex/Fire       44%        N/A       2%          3
 Summon Small Mammal      Summ           96%        N/A       3%          1
 Mercury Vapours          Alch/Air       60%        N/A       3%          2
 Call Imp                 Summ           48%        N/A       4%          2
 Call Canine Familiar     Summ           24%        N/A       10%         3
 Swiftness                Air            24%        N/A       10%         3
 Animate Dead             Necr           100%       N/A       1%          4
 Curse of Agony           Necr           100%       N/A       1%          5
 Brom's Barrelling Bould  Conj/Erth      51%        2d7       4%          4
 Cause Fear               Hex            25%        N/A       4%          4
 Dimensional Bullseye     Hex/Tloc       25%        N/A       4%          4
 Iskenderun's Mystic Bla  Conj/Tloc      51%        2d11      (+2d64%     4
 Passage of Golubria      Tloc           51%        N/A       4%          4
 Olgreb's Toxic Radiance  Alch           37%        N/A       12%         4
 Vhi's Electric Charge    Tloc/Air       74%        N/A       12%         4
 Fireball                 Conj/Fire      22%        3d10      21%         5
 Airstrike                Air            12%        2d(2-18)  32%         4
 Arcjolt                  Conj/Air       18%        1d28      32%         5
 Summon Mana Viper        Hex/Summ       37%        N/A       32%         5
 Freezing Cloud           Conj/Ice/Air   16%        6-21      43%         5
 Dispersal                Tloc           25%        N/A       54%         6
 Gell's Gavotte           Tloc           25%        2d(22-33) 54%         6
 Haunt                    Necr/Summ      52%        N/A       58%         7
 Plasma Beam              Fire/Air       15%        2x1d26    97%         6
 Sculpt Simulacrum        Ice/Alch       15%        N/A       97%         6
 Manifold Assault         Tloc           25%        N/A       98%         7
 Ozocubu's Refrigeration  Ice            12%        4d10      100%        7
 Summon Hydra             Summ           12%        N/A       100%        7
 Disjunction              Tloc           25%        N/A       100%        8
 Ignition                 Fire           18%        3d7       100%        8
 Dragon's Call            Summ           12%        N/A       100%        9
 Polar Vortex             Ice            12%        12d1*     100%        9
 Sublimation of Blood     Necr           Unusable   N/A       N/A         2

Dungeon Overview and Level Annotations

Branches:
Dungeon (15/15) Zot: 24852  Temple (1/1) D:5 Zot: 5983    Lair (5/5) D:10 Zot: 24795
 Shoals (4/4) Lair:3 Zot: 17904  Spider (0/4) Lair:2        Slime (0/5) Lair:4
    Orc (2/2) D:11 Zot: 10128     Elf (2/3) Orc:2 Zot: 8124  Vaults (0/5) D:13
 Depths (0/4) D:15         Bailey (visited)           IceCv (visited)

Altars:
Ashenzari
Cheibriados
Dithmenos
Fedhas
Gozag
Hepliaklqana
Kikubaaqudgha
Makhleb
Nemelex Xobeh
Okawaru
Qazlal
Ru
Sif Muna
Trog
Uskayaw
Vehumet
Wu Jian
Xom
Yredelemnul
Beogh
Jiyva

Shops:
D:4 *   D:9 [   Orc:2 :(=[   Elf:1 ?(

Portals:
Hell: Lair:5

Annotations:
Shoals:1 Mlioglotl
Shoals:2 exclusion: upstairs


Innate Abilities, Weirdness & Mutations

You are immune to poison.
Your flesh is cold resistant. (rC+)
You are immune to negative energy. (rN+++)
You are immune to unholy pain and torment.
You are vulnerable to heat. (rF-)
You are strongly in touch with the powers of death.
You do not drink.
You have a special connection with the divine. (Faith)


Message History

Casting: Stone Arrow (safe; 1% risk of failure)
Confirm with . or Enter, or press ? or * to list all spells.
Aiming: Borgnjor's Vile Clutch (mildly dangerous; 1% risk of failure)
Press: ? - help, Shift-Dir - straight line, f/p - deep elf zephyrmancer
Aim: a deep elf zephyrmancer, wielding a +0 short sword and wearing a +0 leather armour (100% to hit)
You feel a strong surge of power!
Zombie hands grab the deep elf zephyrmancer.
The zombie hands constrict the deep elf zephyrmancer!
The deep elf zephyrmancer escapes!
You regained 2 hp, and now have 79/149 hp.
You now have 13/49 mp.
Casting: Borgnjor's Vile Clutch (mildly dangerous; 1% risk of failure)
Confirm with . or Enter, or press ? or * to list all spells.
Aiming: Stone Arrow (safe; 1% risk of failure)
Press: ? - help, Shift-Dir - straight line, f/p - deep elf zephyrmancer
Aim: a deep elf zephyrmancer, wielding a +0 short sword and wearing a +0 leather armour (moderately wounded, 69% to hit)
The stone arrow misses the deep elf zephyrmancer.
You now have 11/49 mp.
Casting: Stone Arrow (safe; 1% risk of failure)
Confirm with . or Enter, or press ? or * to list all spells.
Aiming: Borgnjor's Vile Clutch (mildly dangerous; 1% risk of failure)
Press: ? - help, Shift-Dir - straight line, f/p - deep elf zephyrmancer
Aim: a deep elf zephyrmancer, wielding a +0 short sword and wearing a +0 leather armour (moderately wounded, 100% to hit)
You feel a strong surge of power!
Zombie hands grab the deep elf zephyrmancer.
The zombie hands constrict the deep elf zephyrmancer!
The deep elf zephyrmancer casts a spell at you.
The bolt of lightning hits you!!
You take 23 damage, and have 57/149 hp.
You now have 6/49 mp.
Casting: Borgnjor's Vile Clutch (mildly dangerous; 1% risk of failure)
Confirm with . or Enter, or press ? or * to list all spells.
Aiming: Stone Arrow (safe; 1% risk of failure)
Press: ? - help, Shift-Dir - straight line, f/p - deep elf zephyrmancer
Aim: a deep elf zephyrmancer, wielding a +0 short sword and wearing a +0 leather armour (heavily wounded, constricted by zombie hands, 98% to hit)
The stone arrow hits the deep elf zephyrmancer!!
The deep elf zephyrmancer is almost dead.
The zombie hands constrict the deep elf zephyrmancer.
You kill the deep elf zephyrmancer!
Kikubaaqudgha accepts your kill.
You now have 3/49 mp.
You regained 2 hp, and now have 60/149 hp.
Unknown command.
Unknown command.
Unknown command.
You regained 2 hp, and now have 65/149 hp.
A deep elf zephyrmancer comes into view.
It is wielding a +0 dagger.
The deep elf zephyrmancer shouts!
Items here: )) [ ÷.
The deep elf zephyrmancer gestures at you while chanting.
The bolt of lightning hits you!!
* * * LOW HITPOINT WARNING * * *
You take 24 damage, and have 43/149 hp.
You regained 2 hp, and now have 45/149 hp.
A +2 lajatang of flaming comes into view.
The deep elf zephyrmancer points at you and mumbles some strange words.
The bolt of lightning hits the +2 lajatang of flaming.
The +2 lajatang of flaming completely resists.
The bolt of lightning hits you!!
* * * LOW HITPOINT WARNING * * *
You take 24 damage, and have 23/149 hp.
Okay, then.
Unknown command.
Unknown command.
Unknown command.
Unknown command.
Unknown command.
Unknown command.
Unknown command.
As you read the scroll of fog, it dissolves into smoke.
You regained 2 hp, and now have 25/149 hp.
As you read the scroll of teleportation, it crumbles to dust.
You feel strangely unstable.
Casting: Stone Arrow (safe; 1% risk of failure)
Confirm with . or Enter, or press ? or * to list all spells.
Aiming: Borgnjor's Vile Clutch (mildly dangerous; 1% risk of failure)
Press: ? - help, Shift-Dir - straight line, f - +2 lajatang of flaming
Aim: a +2 lajatang of flaming (grey smoke, 100% to hit)
You feel a strong surge of power!
Zombie hands grab the +2 lajatang of flaming.
The zombie hands constrict the +2 lajatang of flaming!
The +2 lajatang of flaming struggles to escape constriction.
The +2 lajatang of flaming escapes!
You now have 3/49 mp.
Throw: 5 throwing nets {!f}
Press: ? - help, Q - select action, (/) - cycle Shift-Dir - straight line, f/p - +2 lajatang of flaming
Aim: a +2 lajatang of flaming (grey smoke, moderately damaged, 36% to hit)
Okay, then.
Unknown command.
Unknown command.
Okay, then.
Unknown command.
Unknown command.
Throw: 5 throwing nets {!f}
Press: ? - help, Q - select action, (/) - cycle Shift-Dir - straight line, f/p - +2 lajatang of flaming
Aim: a +2 lajatang of flaming (grey smoke, moderately damaged, 36% to hit)
You throw a throwing net {!f}.
The throwing net {!f} misses the +2 lajatang of flaming.
The +2 lajatang of flaming hits you!!
You die...
Kikubaaqudgha rasps: You have failed me!
Welcome... oblivion!

..........................##
...........................#
...........................#
......e.))e)...............#
........)###..............##
#.......## ##............##
#.......# #.§§§§§......#
#.......# ##§(§§§......##
.........## ###@§§.......##
#.......... ##§§........#
#...........# #§§........#
#...........## ##.).......#
.............### ###......##
#....).........## ##....##
#..)............# #....#
#...............## ##....##
.................###......##


You could see a +2 lajatang of flaming.

Vanquished Creatures
  Nikola (Shoals:1)
  Jorgrun (D:11)
  A titan (Shoals:4)
  5 sphinxes (Elf:2)
  Gastronok (D:11)
  A deep elf sorcerer (Elf:1)
  An orc warlord (Bailey)
  Nessos (D:14)
  2 deep elf annihilators (Elf:1)
  Azrael (Elf:2)
  5 merfolk javelineers
  An eidolon (Elf:2)
  9 merfolk impalers
  A fire dragon (D:13)
  Josephine (D:14)
  2 rakshasas (D:15)
  5 hydras
  A great orb of eyes (Elf:2)
  A catoblepas (Lair:5)
  Fannar (D:11)
  An ice dragon (IceCv)
  2 alligator snapping turtles
  4 merfolk avatars
  8 centaur warriors
  19 dancing weapons
  6 boulder beetles
  A merfolk aquamancer (Shoals:4)
  2 tengu warriors
  The ghost of 10x100 the Cleaver, a novice FoFi of Okawaru (D:7)
  6 orc high priests
  A two-headed ogre (D:11)
  2 occultists
  Sonja (D:11)
  14 deep elf knights
  A skyshark (Lair:2)
  10 skeletal warriors
  4 sea snakes
  4 deep elf archers
  5 orc knights
  A necromancer (D:15)
  An obsidian bat (Orc:1)
  9 ugly things
  22 deep elf zephyrmancers
  6 harpies
  15 deep elf pyromancers
  6 cyclopes
  8 manticores
  An orc sorcerer (D:15)
  Maurice (D:11)
  A cyclops (shapeshifter) (D:13)
  4 elephants (Lair:1)
  3 merfolk sirens
  4 meliai
  5 kobold blastminers (Orc:1)
  4 black mambas
  An orange demon (Lair:5)
  3 water nymphs
  2 ice statues (IceCv)
  A torpor snail (Lair:4)
  2 unseen horrors
  17 cane toads
  2 centaur skeletons (D:15)
  Maggie (D:6)
  6 rime drakes
  2 kobold demonologists
  5 komodo dragons
  3 ice devils (Lair:5)
  A red devil (Lair:5)
  A queen bee (Lair:2)
  11 trolls
  A polar bear (Lair:5)
  23 merfolk
  2 tengu conjurers
  11 wind drakes
  8 blink frogs
  Grinder (D:4)
  A jumping spider (shapeshifter) (D:12)
  2 meliai zombies (D:15)
  4 dream sheep
  2 glass eyes (Elf:2)
  A snapping turtle (Shoals:4)
  2 centaur simulacra
  16 slime creatures
  A vampire (D:11)
  15 water elementals
  10 wraiths
  A fire elemental (Elf:2)
  4 air elementals
  Eustachio (D:6)
  A golden eye (Lair:3)
  36 yaks
  3 basilisks
  4 wargs
  Edmund (D:5)
  2 steam dragons
  2 vampire mosquitoes (D:11)
  9 hell hounds
  11 water moccasins
  2 sky beasts (D:7)
  3 black bears
  5 ogres
  24 orc warriors
  13 wolves
  An ice beast (D:7)
  2 boggarts (Elf:1)
  10 centaurs
  A phantom (D:5)
  8 bullfrogs
  An earth elemental (Elf:2)
  3 kobold brigands
  3 scorpions
  7 wights
  3 lindwurm simulacra (IceCv)
  39 killer bees
  7 electric eels
  6 komodo dragon simulacra (IceCv)
  2 quasits (D:7)
  5 hounds
  A jelly (D:4)
  14 orc priests
  Crazy Yiuf (D:3)
  5 sleepcaps
  Jessica (D:3)
  5 iguanas
  13 orc wizards
  A boggart skeleton (D:15)
  4 acid dragon simulacra (IceCv)
  13 gnolls
  5 adders
  2 shadow imps
  14 white imps
  8 steam dragon simulacra (IceCv)
  An ufetubus (D:5)
  A ribbon worm (D:3)
  A dart slug (D:4)
  53 orcs
  7 ball pythons
  6 endoplasms
  5 giant cockroaches
  18 goblins
  14 hobgoblins
  9 jackals
  4 bats
  3 frilled lizards
  42 kobolds
  7 kobold skeletons (D:9)
  10 kobold zombies (D:9)
  6 rats
877 creatures vanquished.

Vanquished Creatures (collateral kills)
  A sphinx (Elf:2)
  A dire elephant (Lair:5)
  3 merfolk javelineers (Shoals:4)
  A merfolk impaler (Shoals:4)
  A vault guard (D:13)
  3 hydras
  2 boulder beetles
  3 two-headed ogres
  A dancing weapon (Elf:2)
  2 merfolk aquamancers
  2 orc high priests (Orc:2)
  A death yak (Lair:5)
  A sun demon (Lair:5)
  5 skysharks
  3 sea snakes
  2 deep elf archers (Elf:2)
  An arcanist (Lair:5)
  3 orc knights
  2 deep elf pyromancers
  2 oklob plants (Lair:3)
  9 manticores
  8 harpies
  A cyclops (Shoals:4)
  3 fauns (Shoals:1)
  A black mamba (Lair:5)
  A water nymph (Shoals:3)
  A merfolk siren (Shoals:1)
  4 cane toads
  A smoke demon (Lair:5)
  A kobold demonologist (D:9)
  3 rime drakes
  An ice devil (Lair:5)
  3 komodo dragons
  15 merfolk
  2 wind drakes
  A troll (Orc:2)
  2 polar bears (Lair:5)
  5 dream sheep
  12 blink frogs (Lair:4)
  3 snapping turtles
  A centaur simulacrum (D:15)
  A wraith (D:11)
  2 wyverns
  7 water elementals
  7 yaks
  2 basilisks
  A fire elemental (Elf:2)
  A steam dragon (D:10)
  A warg (Orc:2)
  2 vampire mosquitoes (D:11)
  A water moccasin (Lair:5)
  6 hell hounds
  9 orc warriors
  4 wolves
  A centaur (Shoals:2)
  A bullfrog (Lair:4)
  A gnoll sergeant (D:9)
  2 killer bees (D:9)
  15 orc priests
  3 orc wizards
  2 gnolls (D:9)
  An adder (D:5)
  A shadow imp (D:9)
  34 orcs
  A goblin (D:10)
  2 ball pythons (D:1)
  A kobold skeleton (D:9)
  2 butterflies (Lair:4)
  3 tentacles (Shoals:1)
232 creatures vanquished.

Vanquished Creatures (others)
  3 krakens (Shoals:1)
  2 merfolk impalers
  A hydra (Elf:2)
  2 kraken zombies (Shoals:1)
  5 sphinx zombies (Elf:2)
  A merfolk aquamancer (Shoals:4)
  A sea snake (Shoals:4)
  A skyshark (Shoals:1)
  A harpy (Shoals:3)
  3 orc knights
  A deep elf zephyrmancer (Elf:1)
  2 manticores
  A centaur zombie (D:15)
  A water nymph (Shoals:3)
  An alligator snapping turtle zombie (Shoals:4)
  A death yak zombie (Lair:5)
  An elephant slug zombie (D:11)
  A rime drake (Lair:2)
  A sea snake zombie (Shoals:4)
  4 harpy zombies
  2 hydra zombies (Elf:2)
  A troll (Orc:1)
  A wind drake (Shoals:3)
  2 snapping turtles
  A dream sheep (Shoals:4)
  A water elemental (Shoals:2)
  2 wind drake zombies
  11 merfolk zombies
  A skyshark zombie (Shoals:1)
  3 cane toad zombies
  A faun zombie (Shoals:1)
  3 hell hounds (Elf:2)
  8 orc warriors
  9 manticore zombies
  6 dream sheep zombies
  A snapping turtle zombie (Shoals:2)
  6 elf zombies
  An ogre (D:4)
  A torpor snail zombie (Lair:4)
  2 cyclops zombies
  8 hell hound zombies (Elf:2)
  A wyvern zombie (Lair:5)
  3 warg zombies (Orc:2)
  9 yak zombies
  4 troll zombies
  5 wolf zombies (Lair:3)
  A basilisk zombie (D:12)
  3 orc priests (Orc:2)
  5 killer bee zombies (D:9)
  An ogre zombie (Orc:1)
  An adder zombie (D:6)
  4 orcs (Orc:2)
  8 kobold zombies (D:9)
  58 orc zombies
  55 tentacles (Shoals:1)
263 creatures vanquished.

Grand Total: 1372 creatures vanquished

Notes
Turn   | Place    | Note
-------+----------+-------------------------------------------
     0 | D:1      | EngineV8 the Mummy Necromancer began the quest for the Orb.
     0 | D:1      | Reached XP level 1. HP: 13/13 MP: 4/4
    86 | D:1      | Reached skill level 1 in Fighting
   115 | D:1      | Reached skill level 3 in Spellcasting
   136 | D:1      | Reached XP level 2. HP: 21/21 MP: 6/6
   699 | D:2      | Found an ornate altar of the Wu Jian Council.
   708 | D:2      | Reached skill level 4 in Spellcasting
   827 | D:2      | Reached XP level 3. HP: 26/26 MP: 8/8
  1202 | D:2      | Learned a level 3 spell: Vampiric Draining
  1313 | D:3      | Found a runed translucent door.
  1314 | D:3      | Noticed Crazy Yiuf
  1439 | D:3      | Found a faded altar of an unknown god.
  1816 | D:3      | Noticed Jessica
  1821 | D:3      | Killed Jessica
  1822 | D:3      | Reached skill level 5 in Spellcasting
  1822 | D:3      | Reached XP level 4. HP: 32/32 MP: 11/11
  2147 | D:4      | Found Jecuish's Assorted Antiques.
  2152 | D:4      | Bought a bone wand for 108 gold pieces
  2270 | D:4      | Noticed Grinder
  2282 | D:4      | Paralysed by Grinder for 5 turns
  2398 | D:4      | Reached skill level 6 in Spellcasting
  2398 | D:4      | Reached XP level 5. HP: 36/37 MP: 13/13
  2446 | D:4      | Learned a level 4 spell: Animate Dead
  2510 | D:4      | Noticed an ogre
  2527 | D:4      | Paralysed by Grinder for 3 turns
  2535 | D:4      | Killed Grinder
  2536 | D:4      | Reached skill level 7 in Spellcasting
  2536 | D:4      | Reached skill level 5 in Necromancy
  2536 | D:4      | Reached XP level 6. HP: 40/43 MP: 16/16
  2832 | D:4      | Found a bloodstained altar of Trog.
  2844 | D:4      | Found a hide-covered altar of Uskayaw.
  3077 | D:5      | Entered Level 5 of the Dungeon
  3116 | D:5      | Reached skill level 1 in Evocations
  3135 | D:5      | Noticed a water moccasin
  3142 | D:5      | Killed a water moccasin
  3143 | D:5      | Reached XP level 7. HP: 40/48 MP: 17/18
  3302 | D:5      | Noticed Edmund
  3311 | D:5      | Killed Edmund
  3592 | D:5      | Found a staircase to the Ecumenical Temple.
  3747 | Temple   | Entered the Ecumenical Temple
  3755 | Temple   | Became a worshipper of Kikubaaqudgha
  3854 | D:5      | Reached skill level 8 in Spellcasting
  3963 | D:5      | Reached XP level 8. HP: 43/58 MP: 11/20
  4393 | D:5      | Reached skill level 5 in Fighting
  4404 | D:5      | Reached * piety under Kikubaaqudgha
  4404 | D:5      | Received a gift from Kikubaaqudgha
  5206 | D:6      | Noticed Eustachio
  5208 | D:6      | Noticed Maggie
  5427 | D:6      | Killed Eustachio
  5506 | D:6      | Learned a level 1 spell: Kiss of Death
  5661 | D:7      | Reached XP level 9. HP: 65/69 MP: 20/21
  5932 | D:7      | Identified the +7 spear of Duty {heavy, Int+6}
  6001 | D:7      | Reached skill level 9 in Spellcasting
  6089 | D:7      | Reached ** piety under Kikubaaqudgha
  6179 | D:7      | Found a transporter.
  6193 | D:7      | Noticed 10x100's ghost (novice FoFi)
  6209 | D:7      | Found a transporter.
  6386 | D:8      | Learned a level 5 spell: Curse of Agony
  6474 | D:8      | Noticed a boulder beetle
  6487 | D:8      | Killed a boulder beetle
  6488 | D:8      | Reached skill level 10 in Spellcasting
  6797 | D:8      | Noticed a six-headed hydra
  7303 | D:8      | Reached XP level 10. HP: 75/80 MP: 21/24
  7312 | D:8      | Reached skill level 1 in Polearms
  7680 | D:8      | Learned a level 2 spell: Blink
  7899 | D:3      | Killed Crazy Yiuf
  7972 | D:4      | Bought a scroll of blinking for 202 gold pieces
  8114 | D:5      | Found a staircase to the Ecumenical Temple.
  8695 | D:6      | Killed Maggie
  8696 | D:6      | Reached skill level 1 in Translocations
  8832 | D:8      | Killed a six-headed hydra
  9274 | D:9      | Noticed a two-headed ogre
  9284 | D:9      | Killed a two-headed ogre
  9415 | D:9      | Reached *** piety under Kikubaaqudgha
  9415 | D:9      | Received a gift from Kikubaaqudgha
  9432 | D:9      | Learned a level 5 spell: Borgnjor's Vile Clutch
  9439 | D:9      | Learned a level 6 spell: Death Channel
  9528 | D:9      | Reached XP level 11. HP: 54/90 MP: 23/25
  9912 | D:9      | Reached skill level 10 in Fighting
  9988 | D:9      | Found an ancient bone altar of Kikubaaqudgha.
 10029 | D:9      | Reached **** piety under Kikubaaqudgha
 10242 | D:9      | Found a snail-covered altar of Cheibriados.
 10244 | D:9      | Found an iron altar of Okawaru.
 10719 | D:9      | Found Qinoemna's Armour Boutique.
 10722 | D:9      | Bought the +1 cloak of Gicuh {rN+ Regen+ rCorr Stlth+} for
                  | 407 gold pieces
 10921 | D:10     | Entered Level 10 of the Dungeon
 10929 | D:9      | Reached skill level 5 in Polearms
 11090 | D:10     | Noticed a two-headed ogre
 11211 | D:10     | Reached ***** piety under Kikubaaqudgha
 11244 | D:10     | Reached skill level 1 in Earth Magic
 11358 | D:10     | Killed a two-headed ogre
 11383 | D:10     | Found a staircase to the Lair.
 11438 | D:10     | Found a flagged portal.
 11443 | Bailey   | Entered a bailey
 11611 | Bailey   | Reached skill level 11 in Spellcasting
 11624 | Bailey   | Noticed an orc warlord
 11664 | Bailey   | Killed an orc warlord
 11849 | Bailey   | Noticed an orc knight
 11904 | Bailey   | Killed an orc knight
 12411 | D:11     | Found a frozen archway.
 12445 | D:11     | Noticed Fannar
 12446 | IceCv    | Entered an ice cave
 12816 | IceCv    | Reached ****** piety under Kikubaaqudgha
 12962 | IceCv    | Noticed an ice dragon
 12985 | IceCv    | Reached XP level 12. HP: 95/97 MP: 23/27
 13056 | IceCv    | Killed an ice dragon
 13233 | D:11     | Killed Fannar
 13394 | D:11     | Noticed a boulder beetle
 13416 | D:11     | Killed a boulder beetle
 13417 | D:11     | Reached skill level 12 in Spellcasting
 13481 | D:11     | Noticed a two-headed ogre
 13516 | D:11     | Killed a two-headed ogre
 13517 | D:11     | Reached skill level 10 in Necromancy
 13609 | D:11     | Noticed Gastronok
 13621 | D:11     | Killed Gastronok
 13622 | D:11     | Reached skill level 5 in Earth Magic
 13727 | D:11     | Noticed Maurice
 13731 | D:11     | Noticed Sonja
 13738 | D:11     | Killed Maurice
 13738 | D:11     | Killed Sonja
 13779 | D:11     | Found a staircase to the Orcish Mines.
 13860 | D:11     | Noticed a two-headed ogre
 13867 | D:11     | Killed a two-headed ogre
 13934 | D:11     | Your ally Gastronok died
 14394 | D:12     | Noticed a boulder beetle
 14412 | D:12     | Killed a boulder beetle
 15133 | D:13     | Noticed a seven-headed hydra
 15138 | D:13     | Noticed a fire dragon
 15143 | D:12     | Killed a seven-headed hydra
 15144 | D:12     | Reached skill level 10 in Polearms
 15144 | D:12     | Gained mutation: You are strongly in touch with the powers
                  | of death. [Mummy growth]
 15144 | D:12     | Reached XP level 13. HP: 47/103 MP: 20/29
 15417 | D:13     | Reached skill level 5 in Stealth
 15418 | D:13     | Identified the +11 sling "Bixyr" {drain, Int+4}
 15754 | D:13     | Found a gate to the Vaults.
 16005 | D:13     | Killed a fire dragon
 16006 | D:13     | Reached skill level 5 in Evocations
 16540 | D:14     | Noticed Josephine
 16554 | D:14     | Killed Josephine
 16682 | D:14     | Noticed Nessos
 16698 | D:14     | Killed Nessos
 17066 | D:13     | Learned a level 4 spell: Anguish
 18092 | D:14     | Reached XP level 14. HP: 115/115 MP: 19/30
 18428 | Lair:1   | Entered Level 1 of the Lair of Beasts
 19637 | Lair:2   | Found a hole to the Spider Nest.
 20566 | Lair:3   | Found a staircase to the Shoals.
 20967 | Lair:3   | Reached skill level 15 in Fighting
 21540 | Lair:4   | You fall into a shaft and drop 1 floor!
 21540 | Lair:5   | Entered Level 5 of the Lair of Beasts
 21737 | Lair:5   | Reached XP level 15. HP: 91/129 MP: 14/31
 22086 | Lair:5   | Found a burning altar of Makhleb.
 22148 | Lair:5   | Found a gateway to Hell.
 22155 | Lair:5   | Identified the +1 great mace "Conservator" {venom, *Noise
                  | Int+3 SInv}
 22805 | Lair:4   | Found a viscous altar of Jiyva.
 22808 | Lair:4   | Found a staircase to the Slime Pits.
 23680 | Orc:1    | Entered Level 1 of the Orcish Mines
 23685 | Orc:1    | Noticed Jorgrun
 23759 | D:15     | Entered Level 15 of the Dungeon
 23873 | D:15     | Found a blossoming altar of Fedhas.
 24277 | D:15     | Reached skill level 13 in Spellcasting
 24897 | D:15     | Found a staircase to the Depths.
 25137 | D:11     | Killed Jorgrun
 25457 | Orc:1    | Reached skill level 14 in Spellcasting
 25577 | Orc:1    | HP: 6/129 [kobold blastminer/iron shot (44)]
 25739 | Orc:1    | Found a roughly hewn altar of Beogh.
 26142 | D:14     | Upgraded the game from 0.32-a0-918-g0f22ef8 to
                  | 0.32-a0-928-g1cae6b7
 26292 | Shoals:1 | Entered Level 1 of the Shoals
 26335 | Shoals:1 | Noticed a kraken
 26337 | Shoals:1 | Reached skill level 1 in Shields
 26344 | Shoals:1 | Killed a kraken
 26345 | Shoals:1 | Reached XP level 16. HP: 60/136 MP: 31/34
 26347 | Shoals:1 | Noticed a kraken
 26352 | Shoals:1 | Killed a kraken
 26393 | Shoals:1 | Noticed a kraken
 26398 | Shoals:1 | Killed a kraken
 26527 | Shoals:1 | Learned a level 3 spell: Stone Arrow
 26739 | Shoals:1 | Noticed Nikola
 26746 | Shoals:1 | Killed Nikola
 26747 | Shoals:1 | Reached skill level 15 in Spellcasting
 27003 | Shoals:1 | Noticed a kraken
 27003 | Shoals:1 | Noticed Mlioglotl
 27254 | Shoals:3 | Reached skill level 15 in Necromancy
 27403 | Shoals:3 | Reached skill level 1 in Conjurations
 27756 | Shoals:3 | Identified the +0 leather armour "Fuwkilah" {rC+ rCorr}
 27903 | Shoals:4 | Entered Level 4 of the Shoals
 28118 | Shoals:4 | Found a blossoming altar of Fedhas.
 28139 | Shoals:4 | Paralysed by an air elemental for 1 turns
 28143 | Shoals:4 | Paralysed by an air elemental for 1 turns
 28146 | Shoals:4 | Paralysed by an air elemental for 1 turns
 28149 | Shoals:4 | Paralysed by an air elemental for 1 turns
 28490 | Shoals:4 | Paralysed by an air elemental for 1 turns
 28494 | Shoals:4 | Paralysed by an air elemental for 1 turns
 28618 | Shoals:4 | Paralysed by an air elemental for 1 turns
 28773 | Shoals:4 | Paralysed by an air elemental for 1 turns
 28776 | Shoals:4 | Paralysed by an air elemental for 1 turns
 28780 | Shoals:4 | Reached skill level 5 in Conjurations
 28879 | Shoals:4 | Learned a level 1 spell: Apportation
 30131 | Shoals:4 | Reached XP level 17. HP: 69/142 MP: 25/36
 30229 | Shoals:4 | Paralysed by an air elemental for 1 turns
 30310 | Shoals:4 | Reached skill level 5 in Translocations
 30933 | Shoals:4 | Noticed a titan
 31069 | Shoals:4 | Killed a titan
 31362 | Shoals:4 | Got a barnacled rune of Zot
 31455 | Shoals:4 | Upgraded the game from 0.32-a0-928-g1cae6b7 to
                  | 0.32-a0-929-g5c35ed9
 31584 | Shoals:2 | Reached skill level 16 in Spellcasting
 31878 | Shoals:2 | Found a bloodstained altar of Trog.
 32192 | D:7      | Killed 10x100's ghost
 32373 | Orc:2    | Entered Level 2 of the Orcish Mines
 32616 | Orc:2    | Found a staircase to the Elven Halls.
 33154 | Orc:2    | Found Qootesm's Antique Armour Emporium.
 33155 | Orc:2    | Found Jeitsoll's Weapon Emporium.
 33155 | Orc:2    | Found Voytoh's Jewellery Shoppe.
 33156 | Orc:2    | Found Feanletaopn's Book Emporium.
 33486 | Orc:2    | Bought Great Wizards, Vol. VII for 420 gold pieces
 33486 | Orc:2    | Bought a book of Burglary for 308 gold pieces
 33486 | Orc:2    | Bought a book of Spontaneous Combustion for 532 gold pieces
 33492 | Orc:2    | Learned a level 5 spell: Irradiate
 33498 | Orc:2    | Learned a level 5 spell: Yara's Violent Unravelling
 33560 | Elf:1    | Entered Level 1 of the Elven Halls
 33583 | Elf:1    | Reached skill level 1 in Hexes
 34009 | Elf:1    | Reached skill level 17 in Spellcasting
 34253 | Elf:1    | Learned a level 3 spell: Passwall
 35023 | Elf:1    | Identified the +1 scale mail of the Albatross {^Drain rF+
                  | Str+6 Int-2}
 35158 | Elf:1    | Found Ruan's Magic Scroll Emporium.
 35164 | Elf:1    | Found Omope's Weapon Shoppe.
 35166 | Elf:1    | Bought a scroll of fear for 72 gold pieces
 35166 | Elf:1    | Bought a scroll of vulnerability for 72 gold pieces
 35178 | Elf:1    | Bought a scroll of teleportation for 54 gold pieces
 35178 | Elf:1    | Bought a scroll of teleportation for 54 gold pieces
 35178 | Elf:1    | Bought a scroll of teleportation for 54 gold pieces
 35178 | Elf:1    | Bought a scroll of teleportation for 54 gold pieces
 35178 | Elf:1    | Bought a scroll of teleportation for 54 gold pieces
 35178 | Elf:1    | Bought a scroll of teleportation for 54 gold pieces
 35178 | Elf:1    | Bought a scroll of teleportation for 54 gold pieces
 35922 | Elf:2    | Found a runed translucent gate.
 35923 | Elf:2    | Found a runed translucent gate.
 35923 | Elf:2    | Found a runed translucent gate.
 36011 | Elf:2    | Noticed a sphinx
 36011 | Elf:2    | Noticed a sphinx
 36011 | Elf:2    | Noticed a sphinx
 36011 | Elf:2    | Noticed a sphinx
 36011 | Elf:2    | Noticed a sphinx
 36016 | Elf:2    | Reached XP level 18. HP: 64/149 MP: 22/39
 36024 | Elf:2    | Reached skill level 5 in Hexes
 36031 | Elf:2    | Reached skill level 18 in Spellcasting
 36480 | Elf:2    | Got Kuelu's Compendium of Portents
 36566 | Elf:2    | Received a gift from Kikubaaqudgha (forbidden knowledge)
 36577 | Elf:2    | Learned a level 8 spell: Infestation
 36589 | Elf:2    | Learned a level 4 spell: Ignite Poison
 36836 | Elf:2    | Reached skill level 1 in Fire Magic
 36836 | Elf:2    | Reached skill level 1 in Alchemy
 37148 | Elf:2    | Noticed Azrael
 37256 | Elf:2    | Killed Azrael
 37438 | Elf:2    | Slain by a +2 lajatang of flaming

Illustrated notes

Levels and vault maps discovered:
D:1:      psy_arrival_fountain, layout_loops_ring
D:2:      layout_rooms, basic_altar
D:3:      layout_basic, hellmonk_ecumenical_altar_arch_garden,
          grunt_decor_one_mirror, uniq_crazy_yiuf_cottage, uniq_jessica
D:4:      layout_loops_ring, mainiacjoe_overflow_big_doors, serial_shops,
          nicolae_shop_tiny_glass, uniq_grinder
D:5:      minmay_polygon_palace, layout_rooms, minmay_temple_entry_large_hall,
          uniq_edmund
D:6:      layout_basic, uniq_eustachio, uniq_maggie
D:7:      layout_rooms, gammafunk_ghost_stat_death
D:8:      minmay_curly_fans, layout_loops_corners, nrook_mini_backslash
D:9:      wander_kiku_kobolds, layout_basic,
          chequers_temple_overflow_statue_of_worship, serial_shops,
          nicolae_shop_window_shopping, glass_columns_a
D:10:     nicolae_moon_pools, layout_irregular_city, david_lair_shrubbed,
          enter_bailey_3
D:11:     layout_loops_ring, orc_0_dummy, portal_ice_cave_entry_imps,
          uniq_fannar, uniq_maurice, uniq_gastronok, uniq_sonja
D:12:     layout_loops_ring
D:13:     layout_basic, erik_vaults_1
D:14:     layout_gridville, nicolae_concentric_dashed_squares_wild, uniq_nessos,
          uniq_josephine
D:15:     grunt_enter_depths_magical_seal, layout_cave_pools, fedhas_altar_3
Temple:   nicolae_temple_no_exploring_needed
Lair:1:   layout_regular_city, cheibrodos_lair_caveside_slide
Lair:2:   beast_lair_carwin_large_2, layout_small_grid,
          hellmonk_spider_entry_not_the_bees, special_room [special_room_bee]
Lair:3:   layout_small_grid, shoals_dummy_entry, hangedman_lair_unloving_vines,
          disabler_island, infiniplex_staircase_pool_2
Lair:4:   layout_loops_ring, slime_entry_1, lemuel_fruit_tree,
          serial_bayou_shore_b, lemuel_fruit_fields
Lair:5:   evil_forest, layout_small_grid
Shoals:1: nicolae_shoals_lighthouse, layout_shoals, uniq_mlioglotl, uniq_nikola
Shoals:2: nicolae_shoals_island_circles, layout_shoals, lemuel_centaur_altar
Shoals:3: layout_shoals
Shoals:4: shoals_end_hellmonk_storm_palace [storm_palace_center_circular,
          storm_palace_corner_grid, storm_palace_corner_altar,
          storm_palace_corner_reverse_hut, storm_palace_corner_blocked]
Orc:1:    layout_caves, nicolae_orc_found_a_spring, minmay_orc_temple_c,
          uniq_jorgrun
Orc:2:    st_orc_pillars, layout_diamond_mine
Elf:1:    eino_elf_arrival_customs, layout_gridlike, hangedman_elf_disciples,
          minmay_shoptagon
Elf:2:    nicolae_elf_blades_crystal_corner, layout_geoelf_octagon, special_room
          [special_room_mythical_zoo], hangedman_research_probablistics,
          uniq_azrael

Skill      XL: |  1  2  3  4  5  6  7  8  9 10 11 12 13 14 15 16 17 18 |
---------------+-------------------------------------------------------+-----
Fighting       | 1 3 6 8 9 10 12 15 | 15.0
Spellcasting   | 3 4 5 6 7 8 10 11 12 14 15 17 18 | 18.1
Necromancy     | 5 6 8 9 10 11 12 13 15 16 17 | 17.8
Evocations     | 1 3 5 |  5.0
Stealth        | 4 6 |  6.0
Polearms       | 4 6 10 11 12 | 12.0
Translocations | 3 4 5 |  5.0
Earth Magic    | 3 5 |  5.0
Shields        | 1 4 |  4.0
Conjurations   | 5 |  5.0
Hexes          | 4 5 |  5.0
Fire Magic     | 2 |  2.3
Alchemy        | 2 |  2.3
Dodging        | |  1.5

Action                     |  1- 3 |  4- 6 |  7- 9 | 10-12 | 13-15 | 16-18 || total
---------------------------+-------+-------+-------+-------+-------+-------++-------
  Melee: Hand axe          |       |    12 |    26 |       |       |       ||    38
         Spear             |       |       |    17 |   414 |   184 |   234 ||   849
         Unarmed           |       |       |    16 |     2 |       |       ||    18
         Dagger            |       |       |       |       |     7 |       ||     7
   Fire: Sling             |    65 |    32 |    63 |       |   478 |    33 ||   671
  Throw: Dart              |       |       |       |       |       |     1 ||     1
         Throwing net      |       |       |       |       |       |     1 ||     1
   Cast: Necrotise         |    16 |     8 |    93 |    69 |     2 |    11 ||   199
         Vampiric Draining |       |    10 |    89 |    75 |    81 |    15 ||   270
         Animate Dead      |       |       |     4 |    11 |     9 |    12 ||    36
         Curse of Agony    |       |       |     4 |    23 |     6 |     2 ||    35
         Borgnjor's Vile C |       |       |       |    63 |   184 |   162 ||   409
         Blink             |       |       |       |     1 |     6 |     2 ||     9
         Death Channel     |       |       |       |     1 |     9 |    12 ||    22
         Anguish           |       |       |       |       |     6 |    13 ||    19
         Stone Arrow       |       |       |       |       |       |   323 ||   323
         Apportation       |       |       |       |       |       |     3 ||     3
 Invoke: Unearth Wretches  |       |       |       |       |     1 |     3 ||     4
         Receive Forbidden |       |       |       |       |       |     1 ||     1
  Evoke: Wand              |       |     4 |       |     3 |     6 |     6 ||    19
    Use: Scroll            |       |     3 |     9 |     3 |     4 |    13 ||    32
   Stab: Sleeping          |       |       |       |     3 |     1 |     2 ||     6
         Distracted        |       |       |       |     3 |       |    10 ||    13
         Petrified         |       |       |       |       |     2 |       ||     2
 Armour: Robe              |     9 |       |       |       |       |       ||     9
         Ring mail         |     3 |    24 |   154 |       |       |       ||   181
         Leather armour    |       |       |    49 |   476 |   650 |   404 ||  1579
  Dodge: Dodged            |    16 |    11 |   138 |   293 |   385 |   236 ||  1079
  Block: Buckler           |       |       |       |       |     2 |    73 ||    75

Table legend: (Time is in decaauts)
 A = Elapsed time spent in this place.
 B = Non-inter-level travel time spent in this place.
 C = Inter-level travel time spent in this place.
 D = Time resting spent in this place.
 E = Time spent auto-exploring this place.
 F = Levels seen in this place.
 G = Mean time per level.
                   A        B        C        D        E       F      G
               +--------+--------+--------+--------+--------+-----+--------+
         Total |  38286 |  35876 |   2410 |  11492 |  13103 |  31 | 1235.0 |
       Dungeon |  19741 |  18075 |   1666 |   5241 |   7705 |  15 | 1316.1 |
        Temple |     16 |      8 |      8 |      0 |      0 |   1 |   16.0 |
          Lair |   5204 |   4914 |    290 |    775 |   3010 |   5 | 1040.8 |
        Shoals |   6095 |   5878 |    217 |   2519 |    996 |   4 | 1523.8 |
  Orcish Mines |   1871 |   1683 |    188 |    272 |    692 |   2 |  935.5 |
   Elven Halls |   3874 |   3835 |     39 |   2079 |    642 |   2 | 1937.0 |
        Bailey |    698 |    698 |      0 |    291 |     15 |   1 |  698.0 |
      Ice Cave |    784 |    784 |      0 |    313 |     42 |   1 |  784.0 |
               +--------+--------+--------+--------+--------+-----+--------+

Top non-repeatable levels by time:
Shoals:4: 3155 daAuts
     D:5: 2253 daAuts
   Elf:1: 2187 daAuts
     D:8: 2003 daAuts
     D:9: 1927 daAuts
    D:13: 1844 daAuts
    D:11: 1718 daAuts
   Elf:2: 1687 daAuts
    D:14: 1668 daAuts
  Lair:2: 1285 daAuts
Shoals:3: 1276 daAuts
   Orc:2: 1156 daAuts
  Lair:5: 1146 daAuts
    D:12: 1098 daAuts
     D:6: 1092 daAuts
